 Dungeon Crawl Stone Soup version 0.25-a0-589-g1e14c549ee (webtiles) character file.

Game seed: 16770046401110895800, levelgen mode: deterministic

18 Erk the Covered (level 2, 27/27 HPs)
             Began as a Minotaur Fighter on Mar 11, 2020.
             Quit the game on level 1 of the Dungeon.
             The game lasted 00:01:39 (494 turns).

Erk the Covered (Minotaur Fighter)                   Turns: 494, Time: 00:01:39

Health: 27/27      AC:  7    Str: 20    XL:     2   Next: 48%
Magic:  1/1        EV:  7    Int:  5    God:
Gold:   8          SH:  9    Dex:  9    Spells: 1/1 levels left

rFire    . . .     SeeInvis .   i - +0 mace (curse)
rCold    . . .     Gourm    .   c - +0 kite shield
rNeg     . . .     Faith    .   b - +0 scale mail
rPois    .         Spirit   .   (helmet restricted)
rElec    .         Reflect  .   (no cloak)
rCorr    .         Harm     .   (no gloves)
MR       .....                  (no boots)
Stlth    ..........             (no amulet)
HPRegen  0.09/turn              (no ring)
MPRegen  0.07/turn              (no ring)

@: no status effects
A: retaliatory headbutt, horns 2
a: no special abilities


You were on level 1 of the Dungeon.
You were not hungry.

You visited 1 branch of the dungeon, and saw 1 of its levels.

You collected 8 gold pieces.

Inventory:

Hand Weapons
 a - a +0 trident
 i - a cursed +0 mace (weapon)
Missiles
 g - 22 sling bullets
Armour
 b - a +0 scale mail (worn)
 c - a +0 kite shield (worn)
Scrolls
 e - a scroll of remove curse {unknown}
 h - a scroll of blinking {unknown}
Potions
 d - a potion of might
Comestibles
 f - 3 rations


   Skills:
 * Level 3.9 Fighting
 - Level 2.4 Polearms
 * Level 4.0 Armour
 + Level 0.9 Dodging
 * Level 3.9 Shields


You had one spell level left.
You didn't know any spells.
Your spell library was empty.

Dungeon Overview and Level Annotations

Branches:
Dungeon (1/15)

Altars:


Innate Abilities, Weirdness & Mutations

You reflexively headbutt those who attack you in melee.
You have a pair of horns on your head.


Message History

The frilled lizard bites you but does no damage.
You sock the frilled lizard!
You kill the frilled lizard!
The bat barely misses you. You block the bat's attack.
You miss the bat. The bat hits you but does no damage.
You block the bat's attack.
You see here a frilled lizard corpse.
The bat hits you but does no damage.
Your shield and scale mail prevent you from hitting the bat.
Your headbutt misses the bat. The bat hits you but does no damage.
The bat closely misses you. You block the bat's attack.
You miss the bat. You block the bat's attack.
The bat hits you but does no damage.
You hit the bat.
You kill the bat!
No target in view!
No target in view!
Quiver which item? (- for none, * to show all) (? for menu, Esc to quit)
Okay, then.
Are you sure you want to abandon this character and quit the game? (Confirm with "yes".)

#.# #.##### ### #......#
####.#####...#♣#♣#♣#♣#♣####...##
##..†.(..##)#.............#.....#
.......#.##.##......(....<#......
##.##.##.##.#.............#.....#
#.#####......#♣#♣#♣#♣#♣####....#
#.# ####.### ###..# #.#
#.##.######## #..# ##.#
#(##.†@.†...########†.# ...#
#.#########...........# #### #.#
##########.## #.# #.^........#
#.# #.########## #.# # #.# #..


There were no monsters in sight!

Vanquished Creatures
  2 giant cockroaches (D:1)
  5 bats (D:1)
  2 frilled lizards (D:1)
  A goblin (D:1)
  5 kobolds (D:1)
  6 rats (D:1)
21 creatures vanquished.

Notes
Turn   | Place    | Note
-------+----------+-------------------------------------------
     0 | D:1      | Erk the Minotaur Fighter began the quest for the Orb.
     0 | D:1      | Reached XP level 1. HP: 19/19 MP: 0/0
   168 | D:1      | Reached XP level 2. HP: 27/27 MP: 1/1
   396 | D:1      | Reached skill level 4 in Armour
   494 | D:1      | Quit the game

Levels and vault maps discovered:
D:1:      minmay_arrival_plants_in_alcoves, layout_loops_ring

Skill      XL: |  1  2 |
---------------+-------+-----
Armour         | 4 |  4.0
Fighting       | |  3.9
Polearms       | |  2.4
Dodging        | |  0.9
Shields        | |  3.9

Action                   || total
-------------------------++-------
Melee: Trident           ||    35
       Headbutt          ||     2
       Mace              ||     6
Armor: Scale mail        ||    19
Dodge: Dodged            ||    12
Block: Kite shield       ||    12

Table legend:
 A = Non-vault XP
 B = Vault XP
 C = Vault XP percentage of total XP
 D = Non-vault monster count
 E = Vault monster count
 F = Vault count percentage of total count
                 A         B        C        D         E       F
            +---------+---------+-------+---------+---------+-------
      Total |      26 |       0 |   0.0 |      21 |       0 |   0.0
            +---------+---------+-------+---------+---------+-------
        D:1 |      26 |       0 |   0.0 |      21 |       0 |   0.0
            +---------+---------+-------+---------+---------+-------
